 Dungeon Crawl Stone Soup version 0.26-a0-962-g9b92081034 (webtiles) character file.

Game seed: 3754762872806871519

4 Bapho the Firebug (level 1, -1/14 HPs)
             Began as a Draconian Fire Elementalist on Dec 2, 2020.
             Slain by a jackal (2 damage)
             ... on level 1 of the Dungeon.
             The game lasted 00:00:56 (172 turns).

Bapho the Firebug (Draconian Fire Elementalist)      Turns: 172, Time: 00:00:57

Health: -1/14      AC:  4    Str: 10    XL:     1   Next: 50%
Magic:  1/3        EV: 12    Int: 15    God:
Gold:   12         SH:  0    Dex: 11    Spells: 3/4 levels left

rFire    . . .     SeeInvis .   (no weapon)
rCold    . . .     Faith    .   (no shield)
rNeg     . . .     Spirit   .   (armour unavailable)
rPois    .         Reflect  .   (helmet restricted)
rElec    .         Harm     .   (no cloak)
rCorr    .         Rampage  .   (no gloves)
MR       .....                  (no boots)
Stlth    ++........             (no amulet)
HPRegen  0.04/turn              (no ring)
MPRegen  0.08/turn              (no ring)

@: no status effects
A: unfitting armour, cold-blooded, AC +4
a: no special abilities


You were on level 1 of the Dungeon.
You visited 1 branch of the dungeon, and saw 1 of its levels.

You collected 12 gold pieces.

Inventory:

Scrolls
 a - a scroll of remove curse {unknown}


   Skills:
 - Level 1.7 Dodging
 - Level 1.7 Stealth
 + Level 2.1 Spellcasting
 + Level 1.1 Conjurations
 + Level 3.0 Fire Magic


You had 3 spell levels left.
You knew the following spells:

 Your Spells              Type           Power        Failure   Level
a - Foxfire               Conj/Fire      #...         9%          1

Your spell library contained the following spells:

 Spells                   Type           Power        Failure   Level
 Conjure Flame            Conj/Fire      #.......     26%         3
 Inner Flame              Hex/Fire       #.......     34%         3
 Sticky Flame             Conj/Fire      #.......     65%         4
 Fireball                 Conj/Fire      #.........   94%         5


Dungeon Overview and Level Annotations

Branches:
Dungeon (1/15)

Altars:


Innate Abilities, Weirdness & Mutations

Your plain brown scales are hard. (AC +4)
You cannot fit into any form of body armour.
You are cold-blooded and may be slowed by cold attacks.


Message History

The jackal closely misses you. The jackal barely misses you.
The jackal bites you but does no damage.
The jackal bites you but does no damage.
The jackal bites you but does no damage.
The jackal bites you but does no damage.
Casting: Foxfire (safe; 9% risk of failure)
Confirm with . or Enter, or press ? or * to list all spells.
You conjure some foxfire!
The jackal barely misses you. The jackal bites you.
* * * LOW HITPOINT WARNING * * *
The foxfire hits the jackal but does no damage.
The foxfire hits the jackal.
The jackal is heavily wounded.
The jackal bites you but does no damage.
The jackal bites you but does no damage.
Found 19 bolts and a pair of gloves.
Casting: Foxfire (safe; 9% risk of failure)
Confirm with . or Enter, or press ? or * to list all spells.
You conjure some foxfire!
The jackal bites you.
You die...

..........#'#......# .
..........#'#....#.#..
.........##⌠##...#....
.........+⌠<⌠+.........
.#.###...##⌠##.....#...
.#. #.K..#+#....###...
.... ##...#+#....#
.#...##..##.##v..######
........##...##@v......
##...#.....8g.h.#######
........#####.........
######... ..........(
##..[.####....... ###.
#....... ## #.......
#......# ......#


You could see a jackal and a hobgoblin.

Vanquished Creatures
  A giant cockroach (D:1)
  2 jackals (D:1)
3 creatures vanquished.

Vanquished Creatures (others)
  20 foxfires (D:1)
20 creatures vanquished.

Grand Total: 23 creatures vanquished

Notes
Turn   | Place    | Note
-------+----------+-------------------------------------------
     0 | D:1      | Bapho the Draconian Fire Elementalist began the quest for
                  | the Orb.
     0 | D:1      | Reached XP level 1. HP: 14/14 MP: 3/3
   172 | D:1      | Slain by a jackal

Illustrated notes

Levels and vault maps discovered:
D:1:      grunt_arrival_crossed_arrows, layout_rooms, minmay_pentomino_w4

Action                   || total
-------------------------++-------
Melee: Unarmed           ||    19
 Cast: Foxfire           ||    13
Armor: Skin              ||    26
Dodge: Dodged            ||    35

Table legend: (Time is in decaauts)
 A = Elapsed time spent in this place.
 B = Non-inter-level travel time spent in this place.
 C = Inter-level travel time spent in this place.
 D = Time resting spent in this place.
 E = Time spent auto-exploring this place.
 F = Levels seen in this place.
 G = Mean time per level.
                   A        B        C        D        E       F      G
               +--------+--------+--------+--------+--------+-----+--------+
         Total |    172 |    172 |      0 |     35 |     33 |   1 |  172.0 |
       Dungeon |    172 |    172 |      0 |     35 |     33 |   1 |  172.0 |
               +--------+--------+--------+--------+--------+-----+--------+

Top non-repeatable levels by time:
     D:1: 172 daAuts
